Map: 大气2000-天梯版

Players

电脑难度(新手) - Winner!

  • Race: Zerg Zerg

xiaoxin

  • Race: Terran Terran
  • League: Master

VOD

Have the link to the VOD?

Description

Time

  • Played on: May 24, 2022, 10:11 a.m.
  • Length: 9:22
Show
View Real Time Build Order
Export as new Build Order

电脑难度(新手) Zerg - Winner!

Build Orders: Pool Only 

Get SALT Encoding   

  12  0:01  Drone  
  13  0:12  Overlord  
  13  0:16  Drone  
  14  0:35  Spawning Pool  
  13  0:36  Extractor  
  13  0:39  Drone  
  13  0:46  Drone  
  14  0:52  Overlord  
  14  1:22  Zergling x2, Queen  
  17  1:31  Roach Warren  
  16  1:33  Extractor  
  16  1:36  Drone  
  16  1:41  Zergling x2  
  16  1:44  Drone  
  18  1:58  Drone  
  18  2:00  Zergling x2  
  20  2:09  Drone  
  21  2:19  Drone  
  22  2:29  Drone  
  23  2:30  Overlord  
  23  2:36  Drone  
  24  2:43  Drone  
  25  4:55  Zergling x2  
  24  5:01  Drone  
  24  5:05  Queen  
  21  5:08  Drone  
  18  5:14  Zergling x2  
  18  5:16  Drone  
  14  5:23  Drone  
  11  5:30  Drone  
  11  5:34  Zergling x2  
  12  5:37  Drone  
  12  5:44  Drone  
  12  5:48  Queen  
  12  5:52  Drone  
  11  5:59  Drone  
  11  6:02  Roach  
  13  6:06  Drone  
  12  6:13  Drone  
  12  6:20  Drone  
  12  6:25  Lair  
  12  6:27  Drone  
  10  6:35  Drone  
  7  6:42  Zergling x2, Drone  
  8  6:49  Drone  
  8  6:56  Drone  
  7  7:03  Drone  
  7  7:11  Drone  
  7  7:18  Drone  
  7  7:21  Roach  
  7  7:22  Queen  
  11  7:25  Drone, Overseer x2  
  7  7:46  Drone  
  8  7:57  Drone  
  9  8:00  Zergling x2  
  9  8:03  Queen  
  9  8:07  Drone  
  9  8:18  Drone  
  8  8:29  Drone  
  8  8:39  Drone  
  9  8:46  Queen  
  8  8:50  Drone  
  9  9:01  Drone  
Show
View Real Time Build Order
Export as new Build Order

xiaoxin Terran 

Build Orders: Liberator Opening, Reaper Expand 

Get SALT Encoding   

  12  0:00  SCV  
  13  0:12  SCV  
  14  0:16  Supply Depot  
  14  0:24  SCV  
  15  0:38  SCV  
  15  0:39  Barracks  
  16  0:43  Refinery  
  16  0:50  SCV  
  17  1:02  SCV  
  18  1:14  SCV  
  19  1:26  Reaper  
  19  1:27  Orbital Command  
  20  1:39  Command Center  
  20  1:48  Supply Depot  
  20  1:52  SCV  
  21  1:58  Marine  
  22  2:04  SCV  
  22  2:08  Factory  
  23  2:15  Refinery  
  23  2:16  SCV  
  23  2:20  Barracks Reactor  
  24  2:29  SCV  
  25  2:41  SCV  
  26  2:51  Orbital Command  
  26  2:53  SCV  
  26  2:54  Starport  
  27  3:01  Barracks Tech Lab  
  27  3:02  Hellion  
  27  3:03  Hellion  
  27  3:05  SCV  
  32  3:14  Supply Depot  
  32  3:17  SCV  
  33  3:20  SCV  
  33  3:22  Marine  
  33  3:24  Hellion x2  
  39  3:29  SCV  
  39  3:32  Liberator  
  43  3:35  SCV  
  43  3:38  Supply Depot  
  44  3:41  SCV  
  44  3:44  Marine  
  50  3:48  Hellion x2  
  50  3:50  SCV  
  50  3:52  Stimpack  
  50  3:55  SCV  
  52  4:02  SCV  
  53  4:08  SCV  
  54  4:11  Command Center  
  54  4:14  SCV  
  55  4:20  SCV  
  55  4:23  Engineering Bay  
  56  4:24  Marine  
  56  4:25  Engineering Bay  
  56  4:29  Supply Depot, SCV  
  58  4:36  SCV  
  59  4:41  SCV  
  59  4:42  Starport Reactor  
  59  4:43  Barracks  
  60  4:47  Barracks  
  60  4:51  Marine, SCV  
  60  4:52  Factory Reactor  
  62  4:54  SCV  
  62  4:55  Terran Infantry Armor Level 1, Terran Infantry Weapons Level 1  
  62  4:59  Supply Depot  
  63  5:03  SCV  
  63  5:06  SCV  
  65  5:09  Marine  
  66  5:15  SCV  
  66  5:18  SCV  
  68  5:23  Orbital Command  
  68  5:24  Supply Depot  
  68  5:27  Refinery x2, Marine, SCV  
  68  5:28  Medivac x2  
  74  5:30  SCV  
  74  5:31  Marine x2  
  77  5:39  Factory Tech Lab, SCV  
  77  5:42  Marine, SCV  
  80  5:43  Barracks, Marine  
  80  5:45  Barracks, Marine  
  80  5:46  Combat Shield  
  83  5:51  Orbital Command  
  83  5:56  Marine x2  
  84  5:57  SCV x2  
  84  6:00  Marine  
  84  6:02  Armory  
  84  6:04  Supply Depot  
  87  6:07  Marine x2  
  87  6:09  Siege Tank  
  87  6:10  SCV  
  87  6:11  SCV  
  94  6:20  Marine x3, SCV  
  94  6:23  SCV x2  
  94  6:25  Marine x2  
  102  6:29  Supply Depot x2  
  102  6:30  Supply Depot  
  102  6:32  SCV  
  104  6:37  Barracks Reactor  
  104  6:39  Medivac x2, Barracks Reactor  
  107  6:41  Marine x2  
  109  6:50  Marine x3  
  109  6:51  SCV x3, Siege Tank  
  109  6:53  Supply Depot  
  118  6:59  Marine  
  118  7:00  Marine  
  120  7:03  SCV x3  
  120  7:04  Supply Depot  
  120  7:06  Refinery  
  123  7:08  Marine x3  
  123  7:14  Marine x3  
  123  7:15  Marine, SCV x3  
  133  7:16  Marine  
  133  7:18  Marine  
  135  7:23  Supply Depot  
  135  7:26  Marine x3  
  135  7:27  Supply Depot, SCV x2  
  135  7:28  Drilling Claws  
  135  7:29  SCV  
  141  7:31  Widow Mine  
  141  7:32  Marine x2  
  141  7:35  Marine x3  
  148  7:39  Marine  
  149  7:45  Marine x2, SCV x3  
  149  7:46  Factory  
  149  7:47  Supply Depot  
  149  7:49  Refinery  
  154  7:52  Medivac  
  154  7:53  Medivac  
  154  7:54  Marine x3  
  154  7:56  Marine x2  
  154  7:57  Marine  
  164  7:58  SCV  
  164  8:02  Supply Depot, Command Center  
  165  8:08  Marine  
  165  8:09  Widow Mine  
  165  8:11  Marine x2, Sensor Tower  
  171  8:12  SCV  
  171  8:13  SCV x2  
  173  8:23  Marine x6  
  173  8:25  Supply Depot  
  179  8:29  Supply Depot, Marine x2  
  179  8:31  Supply Depot, Factory Reactor  
  181  8:34  Barracks  
  181  8:35  Barracks  
  181  8:37  Barracks  
  181  8:46  Marine x5  
  181  8:47  Widow Mine  
  185  8:50  Supply Depot  
  185  8:54  Marine x2  
  185  8:55  Marine x2  
  189  8:56  Supply Depot  
  189  8:57  Supply Depot  
  193  9:04  Marine x3, SCV x2  
  193  9:05  SCV  
  200  9:17  Sensor Tower  
Tags
 
Add a new tag
Caveats
  • Supply blocks, unpowered buildings, or Contaminate may cause inaccurate times.
  • Supply counts are checked every 10 seconds.